 Dungeon Crawl Stone Soup version 0.30-a0-576-g89cddaab80 (webtiles) character file.

Game seed: 12833266929167189762

37 Newt the Trooper (level 3, 0/42 HPs)
             Began as a Demonspawn Gladiator on Dec 30, 2022.
             Slain by a gnoll
             ... wielding a +0 whip
              (2 damage)
             ... on level 2 of the Dungeon.
             The game lasted 00:01:58 (1636 turns).

Newt the Trooper (Demonspawn Gladiator)             Turns: 1636, Time: 00:01:58

Health: 0/42       AC: 21    Str: 16    XL:     3   Next: 21%
Magic:  1/1        EV:  2    Int:  9    God:
Gold:   129        SH:  0    Dex: 14    Spells: 2/2 levels left

rFire   . . .      SeeInvis .    h - +2 hand axe (antimagic)
rCold   . . .      Faith    .    (no shield)
rNeg    . . .      Spirit   .    (body armour currently unavailable)
rPois   +          Reflect  .    (helmet currently unavailable)
rElec   .          Harm     .    (cloak currently unavailable)
rCorr   .          Rampage  .    (gloves currently unavailable)
Will    .....      NoTele   +    (boots currently unavailable)
Stlth   ++                       (no amulet)
HPRegen 0.27/turn                f - +5 ring of evasion
MPRegen 0.07/turn                (no ring)

@: tree-form
A: stationary, stasis, torment immunity, boosted hp, (claws 1), powered by death
1
a: no special abilities


You were on level 2 of the Dungeon.
You were a tree.
You visited 1 branch of the dungeon, and saw 2 of its levels.

You collected 129 gold pieces.

Inventory:

Hand Weapons
 a - a +0 rapier
 g - a +1 sling of freezing
 h - a +2 antimagic hand axe (weapon)
Missiles
 d - 3 throwing nets (quivered)
 e - a javelin
 n - 5 poisoned darts
Armour
 b - a +0 leather armour
 c - a +0 helmet (melded)
 i - a +0 scale mail (melded)
 k - a +2 pair of boots (melded)
 m - a +2 cloak (melded)
 p - a +0 scale mail
Jewellery
 f - a +5 ring of evasion (left branch)
Scrolls
 o - a scroll of identify
Potions
 j - a potion of heal wounds {unknown}


   Skills:
 + Level 2.9 Fighting
 - Level 2.6 Short Blades
 - Level 1.7 Throwing
 - Level 2.6 Dodging
 - Level 2.0 Stealth


You had 2 spell levels left.
You didn't know any spells.
Your spell library was empty.

Dungeon Overview and Level Annotations

Branches:
Dungeon (2/15)

Altars:

Shops:
D:1 *


Innate Abilities, Weirdness & Mutations

You are a tree.
Your roots penetrate the ground, keeping you stationary.
You cannot be teleported.
You are immune to unholy pain and torment.
Your maximum health is greatly increased.
Your equipment is partially melded.
((You have sharp fingernails.))
You regenerate a little health from kills.


Message History

The gnoll hits you from afar with a +0 spear.
The gnoll hits you with a +0 flail. The gnoll closely misses you.
The gnoll completely misses you. The gnoll hits you with a +0 whip.
You closely miss the gnoll. You barely miss the gnoll.
The gnoll barely misses you. The gnoll hits you but does no damage.
The gnoll hits you with a +0 flail!
* * * LOW HITPOINT WARNING * * *
You are too injured to fight recklessly!
Unknown command.
The gnoll attacks as you move away! The gnoll hits you but does no damage.
You hit the gnoll.
The gnoll is heavily wounded.
You barely miss the gnoll. You closely miss the gnoll.
The gnoll hits you but does no damage. x2; The gnoll misses you. x2
The gnoll hits you but does no damage. x2
You closely miss the gnoll. You hit the gnoll.
The gnoll hits you but does no damage. The gnoll closely misses you.
The gnoll hits you with a +0 flail.
* * * LOW HITPOINT WARNING * * *
You hit the gnoll.
The gnoll is lightly wounded.
You hit the gnoll. The gnoll hits you with a +0 whip.
* * * LOW HITPOINT WARNING * * *
The gnoll hits you but does no damage. The gnoll misses you.
You hit the gnoll but do no damage.
The gnoll is lightly wounded.
You closely miss the gnoll. The gnoll barely misses you.
The gnoll hits you but does no damage. The gnoll misses you.
The gnoll hits you from afar with a +0 spear.
* * * LOW HITPOINT WARNING * * *
The gnoll closely misses you. The gnoll misses you.
Really quaff the potion of lignification?
Okay, then.
Really quaff the potion of lignification?
You turn into a tree.
Your +2 cloak melds into your body.
Your +0 helmet melds into your body.
Your +2 pair of boots melds into your body.
Your +0 scale mail melds into your body.
Your roots penetrate the ground.
The gnoll hits you with a +0 whip.
You die...

.##.#####.#####..#
....#####..# #..#
##.........####..#######
#.........##..........#
##..........'..........#
.+........###.........[#
##.......## #..........#
#.......# #..........#
##)......# ####♣g.#####
.........#######g#..#
.....######....g.##.#
.....#### #......# .#
........# #......# .
........# #......+ .#
####....# #......#
###### ########


You could see 3 gnolls.

Vanquished Creatures
  4 ball pythons (D:1)
  6 endoplasms
  2 giant cockroaches
  4 goblins
  4 hobgoblins
  2 quokkas
  2 bats (D:1)
  2 frilled lizards (D:2)
  3 kobolds
  2 rats (D:1)
31 creatures vanquished.

Vanquished Creatures (others)
  A plant (D:1)
1 creature vanquished.

Grand Total: 32 creatures vanquished

Notes
Turn   | Place    | Note
-------+----------+-------------------------------------------
     0 | D:1      | Newt the Demonspawn Gladiator began the quest for the Orb.
     0 | D:1      | Reached XP level 1. HP: 16/16 MP: 1/1
   206 | D:1      | Reached skill level 1 in Stealth
   319 | D:1      | Gained mutation: You have sharp fingernails. [demonic
                  | ancestry]
   319 | D:1      | Reached XP level 2. HP: 10/22 MP: 2/2
   911 | D:1      | Found Ziyfu's Assorted Antiques.
  1404 | D:2      | Gained mutation: You regenerate a little health from kills.
                  | [demonic ancestry]
  1404 | D:2      | Reached XP level 3. HP: 28/28 MP: 1/3
  1532 | D:2      | Found the +7 Throatcutter {drain, coup de grace}
  1635 | D:2      | HP: 1/28 [gnoll/+0 spear (3)]
  1636 | D:2      | Slain by a gnoll

Illustrated notes

Levels and vault maps discovered:
D:1:      dpeg_arrival_arbitrary_c, layout_basic, serial_shops,
          nicolae_shop_hallway_stairs, serial_bayou, serial_bayou_lagoon_b,
          serial_bayou_shore_b, serial_bayou_lake_a, serial_bayou_pond_c
D:2:      layout_basic

Skill      XL: |  1  2 |
---------------+-------+-----
Stealth        | 1 2 |  2.0
Fighting       | |  2.9
Short Blades   | |  2.6
Throwing       | |  1.7
Dodging        | |  2.6

Action                   || total
-------------------------++-------
Melee: Rapier            ||    42
       Hand axe          ||    54
       Punch             ||     1
 Fire: Sling             ||    36
  Use: Scroll            ||     3
       Potion            ||     1
 Stab: Sleeping          ||     4
Armor: Leather armour    ||    29
       Scale mail        ||     9
Dodge: Dodged            ||    82

Table legend: (Time is in decaauts)
 A = Elapsed time spent in this place.
 B = Non-inter-level travel time spent in this place.
 C = Inter-level travel time spent in this place.
 D = Time resting spent in this place.
 E = Time spent auto-exploring this place.
 F = Levels seen in this place.
 G = Mean time per level.
                   A        B        C        D        E       F      G
               +--------+--------+--------+--------+--------+-----+--------+
         Total |   1715 |   1627 |     88 |    308 |    980 |   2 |  857.5 |
       Dungeon |   1715 |   1627 |     88 |    308 |    980 |   2 |  857.5 |
               +--------+--------+--------+--------+--------+-----+--------+

Top non-repeatable levels by time:
     D:1: 1452 daAuts
     D:2: 263 daAuts
